 Dungeon Crawl Stone Soup version 0.29-a0-973-gac7da5f7f0 (webtiles) character file.

Game seed: 18369249740863776411

9625 spiderkeys the Spear-Bearer (level 11, -21/79 (81) HPs)
             Began as an Octopode Berserker on Aug 1, 2022.
             Was a High Priest of Trog.
             Demolished by a boulder beetle (57 damage)
             ... on level 11 of the Dungeon.
             The game lasted 00:19:48 (16314 turns).

spiderkeys the Spear-Bearer (Octopode Berserker)   Turns: 16314, Time: 00:19:49

HP:   -21/79 (81)   AC:  2    Str: 16    XL:     11   Next: 49%
MP:   20/20         EV: 16    Int: 11    God:    Trog [*****.]
Gold: 657           SH: 13    Dex: 15    Spells: 10/10 levels left

rFire   + + +      SeeInvis .   q - +8 trishula "Condemnation" {holy, anguish, *Noise Fly rN+}
rCold   + + .      Faith    .   u - +2 shield of Resistance {rF++ rC++ Will++}
rNeg    + . .      Spirit   .   i - +1 hat
rPois   .          Reflect  .   (no amulet)
rElec   .          Harm     .   W - ring of magical power
rCorr   .          Rampage  .   F - ring of protection from fire
Will    ++...                   (no ring)
Stlth   ++........              (no ring)
HPRegen 0.23/turn               (no ring)
MPRegen 0.17/turn               (no ring)
                                (no ring)
                                (no ring)

@: flying, lightly drained
A: almost no armour, amphibious, 8 rings, camouflage 1, gelatinous body 1,
(nimble swimmer 1), tentacles
a: Renounce Religion, Berserk, Trog's Hand, Brothers in Arms


You were on level 11 of the Dungeon.
You worshipped Trog.
Trog was extremely pleased with you.
You visited 1 branch of the dungeon, and saw 11 of its levels.
You also visited: Ossuary.

You collected 657 gold pieces.


Innate Abilities, Weirdness & Mutations

You cannot wear most types of armour.
You are amphibious.
You can wear up to eight rings at the same time.
Your skin changes colour to match your surroundings (Stealth+).
Your rubbery body absorbs attacks. (AC +1, EV +1)
((You are camouflaged when in or above water. (Stealth+)))
You have tentacles for arms and can constrict up to eight enemies at once.


   Skills:
 + Level 9.7 Fighting
 + Level 9.7 Polearms
 + Level 9.7 Dodging
 + Level 7.9 Shields


You had 10 spell levels left.
You didn't know any spells.
Your spell library contained the following spells:

 Spells                   Type           Power      Damage    Failure   Level
 Apportation              Tloc           0%         N/A       65%         1
 Necrotise                Necr           0%         1d4       65%         1
 Summon Small Mammal      Summ           0%         N/A       65%         1
 Vampiric Draining        Necr           0%         2d6       95%         3
 Agony                    Necr           0%         N/A       100%        5

Inventory:

Hand Weapons
 a - a +0 spear
 q - the +8 trishula "Condemnation" (weapon) {holy, anguish, *Noise Fly rN+}
   (Trog gifted it to you on level 10 of the Dungeon)

   It has been blessed by the Shining One to cause great damage to the undead
   and demons.
   It inflicts anguish, making its victims' attacks reflect back on them.
   rN:        It protects you from negative energy.
   Fly:       It grants you flight.
   *Noise:    It may make noises in combat.
 L - a +3 trident
   (You took it off a wight on level 9 of the Dungeon)
 M - a +3 spear
   (You took it off a wight on level 8 of the Dungeon)
Missiles
 b - 111 stones (quivered)
 h - 2 throwing nets {=f!f}
 n - 2 javelins
 t - 8 boomerangs
 H - 2 curare-tipped darts {=f}
 J - 6 poisoned darts
Armour
 i - a +1 hat (worn)
   (You found it on level 1 of the Dungeon)
 u - the +2 shield of Resistance (worn) {rF++ rC++ Will++}
   (You acquired it on level 5 of the Dungeon)

   rF:        It greatly protects you from fire.
   rC:        It greatly protects you from cold.
   Will:      It greatly increases your willpower.
 E - a +0 robe
   (You took it off a wight on level 8 of the Dungeon)
Jewellery
 c - a ring of ice
   (You found it on level 9 of the Dungeon)
 C - a ring of ice
   (You found it on level 7 of the Dungeon)
 F - a ring of protection from fire (right tentacle)
   (You found it on level 10 of the Dungeon)
 T - an amulet of faith {!P}
   (You found it on level 6 of the Dungeon)
 W - a ring of magical power (left tentacle)
   (You found it on level 9 of the Dungeon)
Wands
 k - a wand of charming (1)
   (You found it on level 2 of the Dungeon)
 B - a wand of digging (8)
   (You found it on level 6 of the Dungeon)
 K - a wand of iceblast (4)
   (You found it on level 9 of the Dungeon)
Scrolls
 r - a scroll of torment {!r}
 s - 3 scrolls of vulnerability {!r!r}
 v - 4 scrolls of enchant weapon
 w - a scroll of poison {!r}
 y - a scroll of identify {@r1}
 A - 2 scrolls of teleportation {@r4}
 I - a scroll of amnesia {unknown}
 N - a scroll of blinking {!r}
Potions
 d - 4 potions of curing {@q1}
 e - 4 potions of lignification {!q}
 f - 2 potions of heal wounds {@q2}
 g - 3 potions of haste {@q3}
 j - a potion of mutation {unknown}
 l - 2 potions of ambrosia {unknown}
 m - 2 potions of brilliance
 o - 4 potions of invisibility
 p - 2 potions of flight
 x - 2 potions of magic
 z - a potion of cancellation {unknown}
 D - a potion of attraction {unknown}
 G - a potion of might {unknown}

Dungeon Overview and Level Annotations

Branches:
Dungeon (11/15) Zot: 26987  Temple (0/1) D:4         Ossuary (visited)
   Lair: D:8-11         Orc: D:9-12

Altars:
Cheibriados
Fedhas
Kikubaaqudgha
Qazlal
Ru
Sif Muna
Vehumet
Xom
Yredelemnul
Zin

Shops:
D:3 (   D:4 :

Portals:
Trove: D:10 (give 6 scrolls of butterflies)

Annotations:
D:11 Josephine

#...P≈.P...#
#..≈.≈≈....#
#..≈≈≈≈....#
#.P@≈≈hP.$..
#..WW≈≈.....
#....S......
#....h....$.
#.Z.....###.
#@.....## #


There is a stone staircase leading up here. A centaur warrior zombie comes into
view. The electric eel shoots out a bolt of lightning at you! The bolt of
electricity hits you! 😕 HP[-12] You take 12 damage, and now have 69/81 hp. You
reach to attack! You miss the electric eel. You reach to attack! You closely
miss the electric eel. The electric eel shoots out a bolt of lightning at you!
The bolt of electricity misses you. You impale the centaur warrior zombie!! The
centaur warrior zombie convulses! The trishula "Condemnation" ribbits in the
tongue of ancient peoples. You hear a shout! You hear a howl! x2; You hear a
shout! You hear a howl! x2 You hear a shout! x3; You hear a howl! You hear a
bellow! x3 The centaur warrior zombie closely misses you. The centaur warrior
zombie kicks you. The electric eel shoots out a bolt of lightning at you! The
bolt of electricity hits you! 😮 HP[-13] You take 13 damage, and now have 56/81
hp. You are too injured to fight recklessly! Unknown command. Josephine and a
howler monkey come into view. Josephine is wielding a +0 dagger and wearing a +1
robe of fire resistance. The centaur warrior zombie hits you! The centaur
warrior zombie kicks you. The howler monkey hoots and howls with incredible
vigour! A wraith comes into view. The electric eel shoots out a bolt of
lightning at you! The bolt of electricity hits you! * * * LOW HITPOINT WARNING *
* * You hear a howl! You hear a bellow! 😨 HP[-21] You take 21 damage, and now
have 35/81 hp. MASSIVE DAMAGE!! (PAUSE) Okay, then. You feel much better. The
centaur warrior zombie hits you. The centaur warrior zombie barely misses you. A
warg comes into view. You block the centaur warrior zombie's attack. The centaur
warrior zombie kicks you. A wraith comes into view. 😮 HP[+23] You regained 23
hp, and now have 58/81 hp. You barely miss the electric eel. Your grab misses
the electric eel. Your squeeze misses the electric eel. You block the centaur
warrior zombie's attack. The centaur warrior zombie barely misses you. A boulder
beetle comes into view. A wraith comes into view. Unknown command. The centaur
warrior zombie hits you but does no damage. The centaur warrior zombie kicks
you. The boulder beetle curls into a ball and begins rolling! 😮 HP[-2] You take
2 damage, and now have 56/81 hp. The centaur warrior zombie attacks as you move
away! You block the centaur warrior zombie's attack. The centaur warrior zombie
closely misses you. The centaur warrior zombie hits you. The centaur warrior
zombie kicks you. 😮 HP[-4] You take 4 damage, and now have 52/81 hp. You block
the centaur warrior zombie's attack. The centaur warrior zombie misses you.
There is a stone staircase leading up here. Josephine casts a spell at you. The
ghostly flame explodes! The ghostly fireball engulfs you! You partially resist.
You feel drained. * * * LOW HITPOINT WARNING * * * The ghostly fireball engulfs
the centaur warrior zombie. The centaur warrior zombie completely resists. The
centaur warrior zombie hits you. * * * LOW HITPOINT WARNING * * * The centaur
warrior zombie kicks you. * * * LOW HITPOINT WARNING * * * The boulder beetle
hits you!!! Ouch! That really hurt! You die...

Skill      XL: |  1  2  3  4  5  6  7  8  9 10 |
---------------+-------------------------------+-----
Polearms       | 4 5 6 7 9 |  9.7
Dodging        | 4 5 6 7 9 |  9.7
Fighting       | 4 5 6 7 9 |  9.7
Shields        | 2 3 5 7 |  7.9

Action                   |  1- 3 |  4- 6 |  7- 9 | 10-12 || total
-------------------------+-------+-------+-------+-------++-------
Melee: Spear             |    65 |   155 |   382 |   211 ||   813
       Constrict         |    13 |    32 |    43 |    59 ||   147
       Tentacles         |    10 |    31 |    84 |    97 ||   222
       Punch             |       |     3 |     6 |     2 ||    11
       Trident           |       |       |       |   110 ||   110
       Trishula          |       |       |       |    83 ||    83
Throw: Boomerang         |       |       |     1 |     5 ||     6
       Dart              |       |       |       |    10 ||    10
       Throwing net      |       |       |       |     2 ||     2
Invok: Berserk           |     1 |     4 |     8 |     5 ||    18
  Use: Scroll            |     3 |     6 |     6 |     2 ||    17
       Potion            |     1 |       |     2 |     2 ||     5
 Stab: Sleeping          |     6 |     6 |    12 |     9 ||    33
       Distracted        |       |     1 |     1 |     1 ||     3
Armor: Skin              |     3 |     9 |    24 |    13 ||    49
Dodge: Dodged            |    17 |    59 |   181 |   124 ||   381
Block: Kite shield       |       |       |   150 |   171 ||   321

Levels and vault maps discovered:
D:1:      dpeg_arrival_refuge, layout_basic, basic_ecumenical_altar,
          grunt_decor_one_mirror
D:2:      layout_basic, grunt_decor_resistance, kennysheep_cluttered_room,
          hangedman_feature_mirror, minmay_3d_cube, uniq_jessica, uniq_natasha,
          uniq_crazy_yiuf_cottage
D:3:      layout_basic, minitemple, mainiacjoe_overflow_swirl, serial_shops,
          shop, solitary_fountain, minmay_cupped
D:4:      layout_basic, minmay_temple_entry_gardened_gates, serial_shops,
          nicolae_shop_advertising_works [nicolae_subvault_shop_adworks],
          uniq_robin
D:5:      layout_loops_ring, uniq_sigmund
D:6:      layout_rooms, nicolae_titane
D:7:      layout_layer_cave
D:8:      layout_basic, lightli_ossuary_entry_decrepit_ruins,
          kennysheep_generic_room_15
D:9:      layout_basic, minmay_between
D:10:     layout_cave_pools, enter_trove_2, serial_rivers,
          chequers_serial_rivers_small_a, chequers_serial_rivers_micro_b,
          chequers_serial_rivers_micro_c, chequers_serial_rivers_marsh
D:11:     layout_big_octagon, erik_lair_orcish_takeover, serial_undead,
          serial_undead_e, serial_undead_e, serial_undead_e, serial_undead_d,
          serial_undead_f, serial_undead_e, serial_undead_f, serial_undead_e,
          serial_undead_c, serial_undead_f, gauntlet_entry_generic,
          blue_anna_alchemist, uniq_josephine

Notes
Turn   | Place    | Note
-------+----------+-------------------------------------------
     0 | D:1      | spiderkeys the Octopode Berserker began the quest for the
                  | Orb.
     0 | D:1      | Reached XP level 1. HP: 16/16 MP: 1/1
     0 | D:1      | magus.rc [v1.11.3]
   130 | D:1      | Found a faded altar of an unknown god.
   209 | D:1      | Reached XP level 2. HP: 17/21 MP: 2/2
  1143 | D:2      | Reached XP level 3. HP: 20/26 MP: 3/3
  1143 | D:2      | Reached ** piety under Trog
  1288 | D:2      | Noticed Natasha
  1298 | D:2      | HP: 6/26 [Natasha/magic dart (2)]
  1300 | D:2      | Killed Natasha
  1301 | D:2      | Reached XP level 4. HP: 4/32 MP: 4/4
  1640 | D:2      | Found a runed translucent door.
  1641 | D:2      | Noticed Crazy Yiuf
  1797 | D:2      | Noticed Natasha
  1930 | D:2      | Identified the +2 leather armour of Leapfrog {rN++ Int+3}
  1939 | D:2      | Reached skill level 4 in Polearms
  1939 | D:2      | Reached skill level 4 in Dodging
  2006 | D:2      | Noticed Jessica
  2011 | D:2      | Killed Jessica
  2012 | D:2      | Reached skill level 4 in Fighting
  2012 | D:2      | Reached XP level 5. HP: 37/37 MP: 5/5
  2302 | D:2      | Killed Natasha
  2423 | D:2      | Killed Crazy Yiuf
  2557 | D:2      | Noticed Natasha
  2573 | D:2      | Killed Natasha
  2760 | D:3      | Reached XP level 6. HP: 44/44 MP: 6/6
  2969 | D:3      | Reached *** piety under Trog
  2982 | D:3      | Found Zuityimm's Antique Weapon Shoppe.
  3327 | D:3      | Found a stormy altar of Qazlal.
  3340 | D:3      | Found a shimmering altar of Xom.
  3660 | D:3      | Found a glowing silver altar of Zin.
  3662 | D:3      | Found a radiant altar of Vehumet.
  3662 | D:3      | Found a basalt altar of Yredelemnul.
  3662 | D:3      | Found a snail-covered altar of Cheibriados.
  3664 | D:3      | Found a sacrificial altar of Ru.
  3665 | D:3      | Found a shimmering blue altar of Sif Muna.
  3666 | D:3      | Found an ancient bone altar of Kikubaaqudgha.
  3667 | D:3      | Found a blossoming altar of Fedhas.
  3882 | D:4      | Noticed Robin
  3902 | D:4      | Killed Robin
  4227 | D:4      | Found a staircase to the Ecumenical Temple.
  4254 | D:4      | Reached skill level 5 in Polearms
  4254 | D:4      | Reached skill level 5 in Dodging
  4254 | D:4      | Reached XP level 7. HP: 42/49 MP: 7/7
  4464 | D:4      | Found Sici's Book Shoppe.
  4486 | D:4      | Reached skill level 5 in Fighting
  5232 | D:5      | Entered Level 5 of the Dungeon
  5457 | D:5      | Identified a scroll of acquirement
  5457 | D:5      | Acquired the +2 shield of Resistance {rF++ rC++ Will++}
  5457 | D:5      | Found the +2 shield of Resistance {rF++ rC++ Will++}
  5890 | D:5      | Reached skill level 1 in Shields
  6361 | D:5      | Noticed Sigmund
  6372 | D:5      | Killed Sigmund
  6373 | D:5      | Reached skill level 2 in Shields
  6373 | D:5      | Reached XP level 8. HP: 57/57 MP: 8/8
  6631 | D:5      | Reached skill level 6 in Fighting
  6631 | D:5      | Reached skill level 6 in Polearms
  6631 | D:5      | Reached skill level 6 in Dodging
  7465 | D:6      | Reached skill level 3 in Shields
  8573 | D:6      | Reached XP level 9. HP: 57/63 MP: 9/9
  8847 | D:7      | Reached skill level 4 in Shields
  8870 | D:7      | Reached skill level 7 in Polearms
  8870 | D:7      | Reached skill level 7 in Dodging
  8911 | D:7      | Reached skill level 7 in Fighting
 10314 | D:7      | HP: 13/64 [sky beast (6)]
 10646 | D:7      | Reached **** piety under Trog
 10708 | D:7      | Reached skill level 5 in Shields
 11349 | D:8      | Reached XP level 10. HP: 36/72 MP: 10/10
 11363 | D:8      | Found a sand-covered staircase.
 11444 | Ossuary  | Entered an ossuary
 11581 | Ossuary  | Reached skill level 8 in Polearms
 11581 | Ossuary  | Reached skill level 8 in Dodging
 11605 | Ossuary  | Reached skill level 8 in Fighting
 11821 | D:8      | You pick up a book of Necromancy {forbidden} and begin
                  | reading...
 11821 | D:8      | You add the spells Necrotise, Vampiric Draining and Agony
                  | to your library.
 12034 | D:8      | Reached skill level 6 in Shields
 12210 | D:8      | Reached ***** piety under Trog
 13085 | D:9      | Noticed a two-headed ogre
 13098 | D:9      | Killed a two-headed ogre
 13564 | D:9      | Reached skill level 9 in Polearms
 13564 | D:9      | Reached skill level 9 in Dodging
 13572 | D:9      | Reached skill level 9 in Fighting
 13572 | D:9      | Reached skill level 7 in Shields
 13582 | D:9      | HP: 6/74 [yak (17)]
 13590 | D:9      | Reached XP level 11. HP: 34/80 MP: 11/11
 14627 | D:10     | Entered Level 10 of the Dungeon
 15046 | D:10     | Found a portal to a secret trove of treasure.
 15057 | D:10     | Received a gift from Trog
 15058 | D:10     | Found the +8 trishula "Condemnation" {holy, anguish, *Noise
                  | Fly rN+}
 15071 | D:10     | This trove needs 6 scrolls of butterflies to function. Give
                  | it the items?
 15151 | D:10     | You pick up a book of Cantrips {forbidden} and begin
                  | reading...
 15151 | D:10     | You add the spells Summon Small Mammal and Apportation to
                  | your library.
 16308 | D:11     | Noticed Josephine
 16310 | D:11     | Noticed a boulder beetle
 16314 | D:11     | Demolished by a boulder beetle

Vanquished Creatures
  A two-headed ogre (D:9)
  3 trolls (D:9)
  Sigmund (D:5)
  A vampire (D:10)
  2 wyverns
  A shadow (D:10)
  15 yaks
  A steam dragon (D:6)
  A water moccasin (D:7)
  3 orc warriors
  5 sky beasts
  4 ice beasts
  A black bear (D:6)
  An ogre (D:4)
  3 centaurs
  5 bullfrogs
  3 kobold brigands
  A gnoll sergeant (D:10)
  A necrophage (D:8)
  4 water moccasin zombies (Ossuary)
  13 wights
  11 killer bees
  A howler monkey (D:9)
  5 jellies
  3 orc priests
  Crazy Yiuf (D:2)
  2 gnoll boudas
  A hound (D:6)
  Jessica (D:2)
  3 iguanas
  Natasha (thrice) (D:2)
  9 orc wizards
  2 mummies (Ossuary)
  Robin (D:4)
  14 gnolls
  7 adders
  A shadow imp (D:8)
  4 white imps
  2 ufetubi
  4 adder zombies (Ossuary)
  A worm (D:2)
  3 dart slugs
  23 orcs
  5 bats
  9 endoplasms
  2 giant cockroaches
  17 goblins
  9 hobgoblins
  6 jackals
  4 quokkas
  4 ball pythons
  A frilled lizard (D:1)
  3 gnoll zombies (Ossuary)
  5 hobgoblin zombies (Ossuary)
  25 kobolds
  2 kobold zombies (Ossuary)
  5 orc zombies (Ossuary)
  7 rats
276 creatures vanquished.

Vanquished Creatures (others)
  3 yaks
  A wight (D:10)
  2 orc wizards (D:10)
  A plant (D:4)
7 creatures vanquished.

Grand Total: 283 creatures vanquished

Table legend:
 A = Non-vault XP
 B = Vault XP
 C = Vault XP percentage of total XP
 D = Non-vault monster count
 E = Vault monster count
 F = Vault count percentage of total count
                 A         B        C        D         E       F
            +---------+---------+-------+---------+---------+-------
      Total |   12247 |    1503 |  10.9 |     224 |      58 |  20.6
            +---------+---------+-------+---------+---------+-------
        D:1 |      20 |       0 |   0.0 |      13 |       0 |   0.0
        D:2 |     155 |     141 |  47.6 |      28 |      12 |  30.0
        D:3 |      46 |       7 |  13.2 |      14 |       4 |  22.2
        D:4 |     366 |      36 |   9.0 |      15 |      11 |  42.3
        D:5 |     551 |     226 |  29.1 |      19 |       1 |   5.0
        D:6 |     999 |       0 |   0.0 |      20 |       0 |   0.0
        D:7 |    1762 |       0 |   0.0 |      21 |       0 |   0.0
        D:8 |    1443 |      88 |   5.7 |      33 |       1 |   2.9
        D:9 |    4242 |     607 |  12.5 |      32 |       4 |  11.1
       D:10 |    2663 |       0 |   0.0 |      29 |       0 |   0.0
    Ossuary |       0 |     398 | 100.0 |       0 |      25 | 100.0
            +---------+---------+-------+---------+---------+-------

Illustrated notes

Table legend:
 A = Kills in this place as a percentage of kills in entire the game.
 B = Kills by you in this place as a percentage of kills by you in the entire game.
 C = Kills by friends in this place as a percentage of kills by friends in the entire game.
 D = Other kills in this place as a percentage of other kills in the entire game.
 E = Experience gained in this place as a percentage of experience gained in the entire game.
 F = Experience gained in this place divided by the number of levels of this place that you have seen.
                   A       B       C       D       E      F
               +-------+-------+-------+-------+-------+----------------------
         Total | 100.0 | 100.0 |   N/A | 100.0 | 100.0 | 1145.8
       Dungeon |  91.1 |  90.9 |   N/A | 100.0 |  97.1 | 1213.8
       Ossuary |   8.9 |   9.1 |   N/A |   0.0 |   2.9 | 398.0
               +-------+-------+-------+-------+-------+----------------------

Table legend: (Time is in decaauts)
 A = Elapsed time spent in this place.
 B = Non-inter-level travel time spent in this place.
 C = Inter-level travel time spent in this place.
 D = Time resting spent in this place.
 E = Time spent auto-exploring this place.
 F = Levels seen in this place.
 G = Mean time per level.
                   A        B        C        D        E       F      G
               +--------+--------+--------+--------+--------+-----+--------+
         Total |  16409 |  15944 |    465 |   4618 |   9210 |  12 | 1367.4 |
       Dungeon |  16097 |  15632 |    465 |   4504 |   9099 |  11 | 1463.4 |
       Ossuary |    312 |    312 |      0 |    114 |    111 |   1 |  312.0 |
               +--------+--------+--------+--------+--------+-----+--------+

Top non-repeatable levels by time:
     D:9: 2917 daAuts
     D:7: 2488 daAuts
     D:2: 1909 daAuts
     D:5: 1847 daAuts
     D:6: 1712 daAuts
     D:4: 1387 daAuts
     D:3: 1108 daAuts
     D:8: 1081 daAuts
     D:1: 859 daAuts
    D:10: 774 daAuts
 Ossuary: 312 daAuts
    D:11: 11 daAuts
